 Dungeon Crawl Stone Soup version 0.19.1-1-g22dce08 (webtiles) character file.

161 ponk the Cutter (level 5, -5/25 HPs)
             Began as a Spriggan Assassin on Jan 10, 2017.
             Killed by nerve-wracking pain
             ... invoked by Grinder
              (13 damage)
             ... on level 3 of the Dungeon.
             The game lasted 00:09:40 (2042 turns).

ponk the Cutter (Spriggan Assassin)                 Turns: 2042, Time: 00:09:41

Health: -5/25      AC:  3    Str:  7    XL:     5   Next: 18%
Magic:  6/6        EV: 17    Int: 12    God:
Gold:   127        SH:  0    Dex: 19    Spells: 0 memorised, 4 levels left

rFire  . . .     SeeInvis +     b - +0 blowgun
rCold  . . .     Gourm    .     c - +0 robe
rNeg   . . .     Faith    .     (shield restricted)
rPois  .         Spirit   .     (helmet restricted)
rElec  .         Reflect  .     d - +0 cloak
rCorr  .         Harm     .     (gloves unavailable)
MR     .....                    (boots unavailable)
Stlth  +++.......               (no amulet)
                                (no ring)
                                (no ring)

@: very quick
A: unfitting armour, see invisible, herbivore 3, speed 3, slow metabolism 2
a: no special abilities


You were on level 3 of the Dungeon.
You were not hungry.

You visited 1 branch of the dungeon, and saw 3 of its levels.

You collected 127 gold pieces.

Inventory:

Hand Weapons
 a - a +2 dagger
 b - a +0 blowgun (weapon)
 s - a +0 dagger
 t - a +0 dagger
 u - a +0 dagger
 v - a +0 dagger
 w - a +0 dagger
Missiles
 e - 19 poisoned needles (quivered)
 f - 2 curare-tipped needles
 n - 6 needles of sleeping
Armour
 c - a +0 robe (worn)
 d - a +0 cloak (worn)
 z - a +0 robe
Scrolls
 h - 4 scrolls of identify {unknown}
 k - 3 scrolls of remove curse {unknown}
 o - a scroll of enchant weapon {unknown}
 r - a scroll of magic mapping {unknown}
 y - a scroll of blinking {unknown}
 A - a scroll of fear {unknown}
Potions
 i - a potion of might {unknown}
 l - a potion of beneficial mutation {unknown}
 m - a potion of curing {unknown}
 p - 2 potions of cure mutation {unknown}
 q - a potion of agility {unknown}
 B - a potion of mutation {unknown}
 C - a potion of invisibility {unknown}
Comestibles
 g - a bread ration
 j - a slice of pizza
 x - 3 fruits


   Skills:
 - Level 1.5 Fighting
 + Level 6.0 Short Blades
 - Level 2.0 Throwing
 - Level 1.5 Dodging
 - Level 5.8 Stealth


You had 4 spell levels left.
You didn't know any spells.

Dungeon Overview and Level Annotations

Branches:
Dungeon (3/15)

Altars:
Cheibriados

Annotations:
D:3 Grinder


Innate Abilities, Weirdness & Mutations

You are very small and have problems with some larger weapons.
You are too small for most types of armour.
You have supernaturally acute eyesight. (SInv)
You are a herbivore.
You cover ground extremely quickly.
You need consume almost no food.


Message History

Found 17 gold pieces.
Firing (i - inventory. (,) - cycle):
e - 22 poisoned needles (quivered)
Press: ? - help, Shift-Dir - straight line, f/p - Grinder
Aim: Grinder (lightly wounded)
You shoot a poisoned needle.
The poisoned needle closely misses Grinder.
Firing (i - inventory. (,) - cycle):
e - 21 poisoned needles (quivered)
Press: ? - help, Shift-Dir - straight line, f/p - Grinder
Aim: Grinder (lightly wounded)
You shoot a poisoned needle.
The poisoned needle closely misses Grinder.
Firing (i - inventory. (,) - cycle):
e - 20 poisoned needles (quivered)
Press: ? - help, Shift-Dir - straight line, f/p - Grinder
Aim: Grinder (lightly wounded)
You shoot a poisoned needle.
The poisoned needle barely misses Grinder.
Grinder gestures at you. Pain shoots through your body!
Ouch! That really hurt!
You die...

######### ##### #.......#
########...#
#...###.###.(..5.(...#
#.#.#.#.#.#.#.####...#
##..#.#.#.#5#.######.###
###..#.#.#.#.#.#.#........
#.#...#.#.#.#.#.##.###.##.
## #...#.#.#.#.#.#.#.#
#.##. . ##.#.#.#@#.#.#.##.#
#(##. #.#...#.#.#.#.#.#.#.#
#.... #..##..#.#.#.#.#.##.#
###.. #.. ###.#.#.#.#.#.#5#
#..
#..###.#.#.#.#.#$##.#####..
#...^.#.#.#.#.#.#.#........
#......#.#.#.# #.#####....#
#............. ..+........
#............. ####...#.


You could see Grinder.

Vanquished Creatures
  The ghost of ponk the Covert, an amateur SpAs of Dithmenos (D:3)
  An adder (D:3)
  3 dart slugs
  A leopard gecko (D:3)
  3 giant cockroaches
  3 hobgoblins
  6 kobolds
  10 bats
  3 frilled lizards
  10 goblins
  6 rats
47 creatures vanquished.

Notes
Turn   | Place    | Note
-------+----------+-------------------------------------------
     0 | D:1      | ponk the Spriggan Assassin began the quest for the Orb.
     0 | D:1      | Reached XP level 1. HP: 10/10 MP: 2/2
   231 | D:1      | Reached skill level 3 in Short Blades
   247 | D:1      | Reached XP level 2. HP: 14/14 MP: 3/3
   623 | D:2      | Reached XP level 3. HP: 17/18 MP: 4/4
   639 | D:2      | Found a snail-covered altar of Cheibriados.
   734 | D:2      | Reached skill level 4 in Short Blades
  1330 | D:3      | Noticed ponk's ghost (amateur SpAs)
  1342 | D:3      | Killed ponk's ghost
  1342 | D:3      | Reached skill level 5 in Short Blades
  1342 | D:3      | Reached XP level 4. HP: 5/22 MP: 5/5
  1342 | D:3      | Reached XP level 5. HP: 6/25 MP: 6/6
  1651 | D:3      | Noticed Grinder
  1715 | D:3      | Reached skill level 6 in Short Blades
  2042 | D:3      | Killed from afar by Grinder

Skill      XL: |  1  2  3  4  5 |
---------------+----------------+-----
Short Blades   | 3 5 6 |  6.0
Fighting       | |  1.5
Throwing       | |  2.0
Dodging        | |  1.5
Stealth        | |  5.8

Action                   |  1- 3 |  4- 6 || total
-------------------------+-------+-------++-------
Melee: Dagger            |    87 |    11 ||    98
 Fire: Blowgun           |       |     5 ||     5
 Stab: Sleeping          |    24 |     3 ||    27
       Distracted        |     1 |       ||     1
Armor: Robe              |    13 |       ||    13
Dodge: Dodged            |    45 |     3 ||    48
